 Dungeon Crawl Stone Soup version 0.27.1-33-g824d729ab1 (webtiles) character file.

Game seed: 2416313646886601416

408 Lagertha the Insei (level 6, -1/52 HPs)
             Began as a Draconian Monk on Dec 25, 2021.
             Slain by a wyvern skeleton (10 damage)
             ... on level 5 of the Dungeon.
             The game lasted 00:25:57 (3694 turns).

Lagertha the Insei (Draconian Monk)                 Turns: 3694, Time: 00:25:59

Health: -1/52      AC:  6    Str: 13    XL:     6   Next: 57%
Magic:  5/7        EV: 13    Int: 12    God:
Gold:   67         SH:  0    Dex: 14    Spells: 5/7 levels left

rFire    + . .     SeeInvis .   m - +0 hand crossbow
rCold    x . .     Faith    .   (no shield)
rNeg     . . .     Spirit   .   (armour unavailable)
rPois    .         Reflect  .   (helmet restricted)
rElec    .         Harm     .   (no cloak)
rCorr    .         Rampage  .   (no gloves)
Will     +....                  (no boots)
Stlth    ++........             (no amulet)
HPRegen  0.17/turn              b - ring of fire
MPRegen  0.10/turn              n - ring of willpower

@: marked
A: AC +6, unfitting armour, cold-blooded
a: no special abilities


You were on level 5 of the Dungeon.
You visited 1 branch of the dungeon, and saw 5 of its levels.

You collected 109 gold pieces.
You spent 42 gold pieces at shops.

Inventory:

Hand Weapons
 d - a +0 hunting sling
 m - a +0 hand crossbow (weapon)
Missiles
 a - 8 poisoned darts
 c - 60 bolts (quivered ammo)
 e - 28 stones
Jewellery
 b - a ring of fire (left hand)
 i - a ring of ice
 n - a ring of willpower (right hand)
Scrolls
 f - a scroll of amnesia
 g - a scroll of fog
 k - 2 scrolls of enchant weapon
Potions
 l - a potion of brilliance


   Skills:
 + Level 3.9 Fighting
 + Level 0.2 Crossbows
 + Level 2.4 Throwing
 + Level 4.1 Dodging
 + Level 2.6 Stealth
 + Level 4.2 Unarmed Combat
 + Level 1.1 Spellcasting
 + Level 1.0 Conjurations
 + Level 0.6 Fire Magic
 + Level 0.7 Earth Magic


You had 5 spell levels left.
You knew the following spells:

 Your Spells              Type           Power      Damage    Failure   Level
a - Foxfire               Conj/Fire      16%        2x1d4     22%         1
b - Sandblast             Erth           4%         2d4       22%         1

Your spell library contained the following spells:

 Spells                   Type           Power      Damage    Failure   Level
 Corona                   Hex            0%         N/A       30%         1
 Passwall                 Tmut/Erth      0%         N/A       36%         2
 Blink                    Tloc           N/A        N/A       41%         2
 Ensorcelled Hibernation  Hex/Ice        0%         N/A       41%         2
 Conjure Flame            Conj/Fire      4%         6-21      54%         3
 Inner Flame              Hex/Fire       2%         N/A       61%         3
 Lesser Beckoning         Tloc           0%         N/A       65%         3
 Tukima's Dance           Hex            0%         N/A       65%         3
 Lee's Rapid Deconstruct  Erth           1%         3d5*      99%         5
 Manifold Assault         Tloc           0%         N/A       100%        5


Dungeon Overview and Level Annotations

Branches:
Dungeon (5/15)
 Temple: D:4-7

Altars:

Shops:
D:1 *


Innate Abilities, Weirdness & Mutations

Your plain brown scales are hard. (AC +6)
You cannot fit into any form of body armour.
You are cold-blooded and may be slowed by cold attacks.


Message History

The wyvern bites you but does no damage.
The wyvern skeleton bites you but does no damage.
Fire: 63 bolts
Press: ? - help, Q - select action, (/) - cycle Shift-Dir - straight line, f/p - wyvern
Aim: a wyvern (purple smoke, severely wounded, 63% to hit)
You shoot a bolt. The bolt hits the wyvern.
You kill the wyvern!
The orc wizard hits you with a +2 vorpal mace!
The wyvern skeleton bites you. The orc wizard barely misses you.
The orc wizard hits you but does no damage.
Your Dodging skill increases to level 4!
Your Spellcasting skill increases to level 1!
Your Conjurations skill increases to level 1!
An iguana and an orc come into view.
Fire: 62 bolts
Press: ? - help, Q - select action, (/) - cycle Shift-Dir - straight line, f - orc wizard
Aim: an orc wizard, wielding a +2 vorpal mace and wearing a +0 robe (purple smoke, 56% to hit)
You shoot a bolt.
The bolt hits the orc wizard but does no damage.
The wyvern skeleton closely misses you.
The orc wizard hits you but does no damage. x2
The wyvern skeleton bites you. The orc wizard barely misses you.
Fire: 61 bolts
Press: ? - help, Q - select action, (/) - cycle Shift-Dir - straight line, f/p - orc wizard
Aim: an orc wizard, wielding a +2 vorpal mace and wearing a +0 robe (purple smoke, 56% to hit)
You shoot a bolt. The bolt barely misses the orc wizard.
The wyvern skeleton closely misses you.
The orc wizard hits you with a +2 vorpal mace!
The wyvern skeleton bites you!
* * * LOW HITPOINT WARNING * * *
The orc wizard points at you and mumbles some strange words.
You resist with almost no effort. The orc barely misses you.
The orc wizard hits you but does no damage.
It was a potion of curing.
You feel better. The wyvern skeleton closely misses you.
The orc closely misses you. The orc wizard closely misses you.
The orc hits you with a +0 whip.
* * * LOW HITPOINT WARNING * * *
The orc wizard hits you but does no damage.
The wyvern skeleton bites you!
You die...

######### #
#.......# ###### #
........# #....# #
........####....####
...................
...)..............
######.........#....
#§§oo.........>.....
#§§@o...............
#§Zol...######.####.
#.§.....# #.# #.
#.......# ..# ##
#...(...# ...#
#.......# #.......#
..###...# ... #...#


You could see an iguana, 2 orc wizards, 2 orcs and a wyvern skeleton.

Vanquished Creatures
  A wyvern (D:5)
  2 hounds
  A jelly (D:4)
  An orc priest (D:3)
  6 adders
  A worm (D:2)
  3 dart slugs
  9 orcs
  A ball python (D:4)
  3 bats
  8 endoplasms
  2 giant cockroaches (D:1)
  9 goblins
  4 hobgoblins
  3 jackals (D:1)
  9 kobolds
  3 quokkas
  5 frilled lizards
  5 rats
76 creatures vanquished.

Vanquished Creatures (collateral kills)
  A frilled lizard (D:2)
  A rat (D:2)
2 creatures vanquished.

Vanquished Creatures (others)
  30 foxfires
30 creatures vanquished.

Grand Total: 108 creatures vanquished

Notes
Turn   | Place    | Note
-------+----------+-------------------------------------------
     0 | D:1      | Lagertha the Draconian Monk began the quest for the Orb.
     0 | D:1      | Reached XP level 1. HP: 19/19 MP: 1/1
    64 | D:1      | Found Mutraed's Assorted Antiques.
   462 | D:1      | Reached XP level 2. HP: 26/26 MP: 2/2
  1155 | D:2      | Reached XP level 3. HP: 19/31 MP: 3/3
  1308 | D:2      | Reached skill level 1 in Throwing
  1620 | D:1      | Bought a scroll labelled INOIKY CUPS for 21 gold pieces
  1620 | D:1      | Bought a scroll labelled FAPPOGH DYELAI for 21 gold pieces
  1633 | D:1      | You fall into a shaft and drop 1 floor!
  1684 | D:3      | Reached XP level 4. HP: 33/38 MP: 4/4
  2140 | D:3      | Learned a level 1 spell: Foxfire
  2523 | D:3      | Reached XP level 5. HP: 38/45 MP: 5/5
  2964 | D:4      | Noticed an ogre
  3371 | D:3      | Learned a level 1 spell: Sandblast
  3552 | D:4      | Reached XP level 6. HP: 52/52 MP: 0/6
  3616 | D:5      | Entered Level 5 of the Dungeon
  3681 | D:5      | Noticed a wyvern
  3691 | D:5      | Killed a wyvern
  3692 | D:5      | Reached skill level 1 in Spellcasting
  3692 | D:5      | Reached skill level 1 in Conjurations
  3694 | D:5      | Slain by a wyvern skeleton

Illustrated notes

Levels and vault maps discovered:
D:1:      psy_arrival_whirlpool, layout_basic, serial_shops, nicolae_shop_trees
D:2:      layout_rooms, st_stairs_5
D:3:      layout_basic, minmay_misc_feat_diagonals
D:4:      layout_rooms
D:5:      layout_basic, minmay_temple_entry_antechambers

Skill      XL: |  1  2  3  4  5  6 |
---------------+-------------------+-----
Dodging        | 3 4 |  4.1
Stealth        | 2 |  2.6
Throwing       | 1 2 |  2.4
Unarmed Combat | 4 |  4.2
Spellcasting   | 1 |  1.1
Conjurations   | 1 |  1.0
Fighting       | |  3.9
Crossbows      | |  0.2
Fire Magic     | |  0.6
Earth Magic    | |  0.7

Action                   |  1- 3 |  4- 6 || total
-------------------------+-------+-------++-------
Melee: Unarmed           |    77 |    86 ||   163
       Tailslap          |     8 |    12 ||    20
       Punch             |       |     1 ||     1
 Fire: Hand crossbow     |       |     5 ||     5
Throw: Dart              |    84 |    48 ||   132
 Cast: Foxfire           |       |    17 ||    17
       Sandblast         |       |     7 ||     7
  Use: Scroll            |     8 |     6 ||    14
       Potion            |     2 |     6 ||     8
 Stab: Sleeping          |       |     3 ||     3
Armor: Skin              |    27 |    51 ||    78
Dodge: Dodged            |    52 |   123 ||   175
